 Dungeon Crawl Stone Soup version 0.29-a0-330-g52719c12eb (webtiles) character file.

Game seed: 14584494448597281511

4473 jmlagarto the Covert (level 10, -5/82 HPs)
             Began as a Gnoll Delver on Apr 15, 2022.
             Was a Follower of Uskayaw.
             Slain by a vampire
             ... wielding a +2 vampiric halberd
              (12 damage)
             ... in a bailey.
             The game lasted 00:19:14 (8419 turns).

jmlagarto the Covert (Gnoll Delver)                 Turns: 8419, Time: 00:19:15

Health: -5/82      AC:  6    Str: 18    XL:     10   Next: 38%
Magic:  15/17      EV: 19    Int: 16    God:    Uskayaw [*.....]
Gold:   334        SH:  0    Dex: 16    Spells: 17/19 levels left

rFire   . . .      SeeInvis .   j - +8 flail "Killer Bee's Peril" {vamp, rElec rC- rN+ Int+5}
rCold   x . .      Faith    .   (no shield)
rNeg    + . .      Spirit   .   b - +0 leather armour
rPois   .          Reflect  .   (no helmet)
rElec   +          Harm     .   (no cloak)
rCorr   .          Rampage  .   t - +2 pair of gloves {Stlth+}
Will    .....                   (no boots)
Stlth   ++++++....              (no amulet)
HPRegen 0.23/turn               p - +4 ring of evasion
MPRegen 0.15/turn               D - +6 ring of strength

@: mighty
A: fangs 1, strong nose, distributed training
a: Renounce Religion, Stomp


You were in a bailey.
You worshipped Uskayaw.
Uskayaw was noncommittal.
You visited 2 branches of the dungeon, and saw 9 of its levels.
You also visited: Bailey.

You collected 334 gold pieces.

Inventory:

Hand Weapons
 j - the +8 flail "Killer Bee's Peril" (weapon) {vamp, rElec rC- rN+ Int+5}
   (You found it on level 6 of the Dungeon)

   It occasionally heals its wielder for a portion of the damage dealt when it
   wounds a living foe.
   Int:       It affects your intelligence (+5).
   rC:        It makes you vulnerable to cold.
   rElec:     It insulates you from electricity.
   rN:        It protects you from negative energy.
 K - a +2 whip of electrocution
 N - a +3 dagger of draining
 S - the +5 trident "Jakh" {vorpal, MP+9}
   (You found it on level 6 of the Dungeon)

   It inflicts extra damage upon your enemies.
   MP:        It affects your magic capacity (+9).
Missiles
 M - 11 poisoned darts (quivered)
Armour
 b - a +0 leather armour (worn)
 k - a +0 scale mail
 t - a +2 pair of gloves of stealth (worn)
 F - an orb of energy
Magical Staves
 o - a staff of death
 s - a staff of poison
Jewellery
 p - a +4 ring of evasion (left hand)
 D - a +6 ring of strength (right hand)
 L - a +6 ring of intelligence
 O - a ring of positive energy
Wands
 g - a wand of digging (3)
 l - a wand of paralysis (26)
 y - a wand of flame (29)
 H - a wand of charming (1)
 I - a wand of polymorph (2)
Scrolls
 a - a scroll of brand weapon {unknown}
 c - 3 scrolls of fog
 d - a scroll of magic mapping
 h - 2 scrolls of enchant armour {unknown}
 i - 2 scrolls of teleportation {unknown}
 n - a scroll of summoning {unknown}
 r - a scroll of silence {unknown}
 w - 2 scrolls of immolation {unknown}
 z - a scroll of noise {unknown}
 E - 3 scrolls of fear
 Q - a scroll of blinking {unknown}
 R - a scroll of vulnerability {unknown}
Potions
 e - 2 potions of attraction
 f - 3 potions of haste
 m - 6 potions of might
 q - 2 potions of ambrosia
 u - 2 potions of mutation
 v - 2 potions of flight
 x - 2 potions of degeneration
 B - 2 potions of lignification
 C - 3 potions of curing
 G - a potion of heal wounds
 J - a potion of brilliance {unknown}
 P - a potion of berserk rage {unknown}


   Skills:
 + Level 8.5 Fighting
 + Level 7.0 Short Blades
 + Level 5.2 Long Blades
 + Level 5.2 Axes
 + Level 5.2 Maces & Flails
 + Level 5.2 Polearms
 + Level 5.2 Staves
 + Level 5.2 Slings
 + Level 5.2 Bows
 + Level 5.2 Crossbows
 + Level 5.2 Throwing
 + Level 5.2 Armour
 + Level 7.0 Dodging
 + Level 10.9 Stealth
 + Level 5.2 Shields
 + Level 5.2 Unarmed Combat
 + Level 5.2 Spellcasting
 + Level 4.3 Conjurations
 + Level 4.3 Hexes
 + Level 4.3 Summonings
 + Level 4.3 Necromancy
 + Level 4.3 Translocations
 + Level 4.3 Transmutations
 + Level 4.3 Fire Magic
 + Level 4.3 Ice Magic
 + Level 4.3 Air Magic
 + Level 4.3 Earth Magic
 + Level 4.3 Poison Magic
 + Level 5.7 Invocations
 + Level 5.2 Evocations


You had 17 spell levels left.
You knew the following spells:

 Your Spells              Type           Power      Damage    Failure   Level
a - Poisonous Vapours     Pois/Air       36%        N/A       4%          2

Your spell library contained the following spells:

 Spells                   Type           Power      Damage    Failure   Level
 Sting                    Tmut/Pois      72%        1d6       3%          1
 Corpse Rot               Necr/Air       36%        N/A       4%          2
 Confusing Touch          Hex            18%        N/A       9%          3
 Stone Arrow              Conj/Erth      36%        3d9       9%          3
 Animate Armour           Summ/Erth      36%        N/A       28%         4
 Olgreb's Toxic Radiance  Pois           18%        N/A       28%         4
 Yara's Violent Unravell  Hex/Tmut       9%         3d6       63%         5
 Enfeeble                 Hex            9%         N/A       100%        7
 Lehudib's Crystal Spear  Conj/Erth      9%         10d4      100%        8


Dungeon Overview and Level Annotations

Branches:
Dungeon (8/15)             Temple (1/1) D:4          Bailey (1/1)
   Lair: D:8-11

Altars:
Cheibriados
Dithmenos
Elyvilon
Fedhas
Gozag
Hepliaklqana
Kikubaaqudgha
Makhleb
Okawaru
Qazlal
Ru
Sif Muna
Trog
Uskayaw
Vehumet
Wu Jian
Xom
Yredelemnul
Zin
The Shining One

Shops:
D:8 [


Innate Abilities, Weirdness & Mutations

You have very sharp teeth.
Your uncanny sense of smell can sniff out nearby items.
Your experience applies equally to all skills.


Message History

The helpless vampire fails to defend itself.
You bludgeon the vampire!!
The vampire is severely damaged.
The vampire barely misses you. The vampire bites you!
You hit the vampire but do no damage.
The vampire is severely damaged.
The vampire gestures wildly while chanting.
The vampire flickers and vanishes!
Deactivating autopickup; reactivate with Ctrl-A.
Something barely misses you. Something bites you!
Something draws strength from your injuries!
You closely miss something. You bite something. Something barely misses you.
Something bites you!
Something draws strength from your injuries!
You closely miss something. Your bite misses something. Something hits you!
Something bites you!
Something draws strength from your injuries!
You sock something! Something draws life force from you!
You stomp with the beat, sending a shockwave through the revellers around you!
Something draws life force from you.
Okay, then.
You feel much better. Something hits you! Something bites you!
Something draws strength from your injuries!
You hit something but do no damage. You bite something.
Something closely misses you. Something bites you.
* * * LOW HITPOINT WARNING * * *
Something draws strength from your injuries!
You barely miss something. You bite something. Something hits you.
* * * LOW HITPOINT WARNING * * *
Something bites you but does no damage.
You feel very mighty all of a sudden. Something hits you!
* * * LOW HITPOINT WARNING * * *
Something bites you!
* * * LOW HITPOINT WARNING * * *
Something draws strength from your injuries!
You feel much better. Something hits you.
* * * LOW HITPOINT WARNING * * *
Something bites you!
You die...

#...#....#########
#........)......8#
#......#.))......#
#8....##...##''###
#######...##....##
#8.).....##......##
#.......8#...##...#
##########..# ##..#
#.. #@.# #8. #..{#
##∆∆..!!## #8!!8##
#####


There were no monsters in sight!

Vanquished Creatures
  A two-headed ogre (D:5)
  Pikel (D:4)
  A mana viper (D:5)
  A gargoyle (Bailey)
  A troll (D:6)
  A hornet (D:5)
  Prince Ribbit (D:7)
  Menkaure (D:5)
  A sky beast (D:6)
  A lemure (D:4)
  An ogre (D:7)
  A phantom (D:6)
  2 bullfrogs
  2 kobold brigands
  2 necrophages
  2 scorpions (D:5)
  3 wights (D:7)
  8 vampire bats (Bailey)
  4 wolf zombies (Bailey)
  6 hounds
  2 orc priests
  Ijyb (D:4)
  4 iguanas
  2 orc wizards (D:6)
  4 adders
  A shadow imp (D:7)
  3 white imps
  An ufetubus (D:4)
  A worm (D:4)
  3 dart slugs
  12 orcs
  A bat (D:1)
  2 endoplasms
  3 giant cockroaches
  7 goblins
  9 hobgoblins
  5 jackals
  4 quokkas
  9 ball pythons
  3 frilled lizards
  6 kobolds
  19 orc zombies (Bailey)
  5 rats
148 creatures vanquished.

Notes
Turn   | Place    | Note
-------+----------+-------------------------------------------
     0 | D:5      | Reached skill level 9 in Stealth
     0 | D:5      | jmlagarto the Gnoll Delver began the quest for the Orb.
     0 | D:5      | Reached XP level 1. HP: 23/23 MP: 1/1
     9 | D:5      | Noticed a two-headed ogre
     9 | D:5      | Noticed a hornet
    48 | D:5      | Noticed a scorpion
    65 | D:5      | HP: 1/23 [poisoned by a scorpion]
   467 | D:6      | Identified the +8 flail "Killer Bee's Peril" {vamp, rElec
                  | rC- rN+ Int+5}
   508 | D:6      | Noticed an orc wizard
   539 | D:6      | Noticed a troll
   602 | D:6      | Noticed a sky beast
   606 | D:5      | Noticed a hound
   606 | D:5      | Noticed an iguana
   618 | D:5      | Noticed an iguana
   622 | D:5      | Killed an iguana
   623 | D:5      | Reached XP level 2. HP: 17/29 MP: 2/2
   623 | D:5      | Reached XP level 3. HP: 20/35 MP: 3/3
   624 | D:4      | Noticed a kobold brigand
  1086 | D:3      | Reached skill level 1 in Invocations
  1274 | D:1      | Reached skill level 1 in Long Blades
  1274 | D:1      | Reached skill level 1 in Axes
  1274 | D:1      | Reached skill level 1 in Maces & Flails
  1274 | D:1      | Reached skill level 1 in Polearms
  1274 | D:1      | Reached skill level 1 in Staves
  1274 | D:1      | Reached skill level 1 in Slings
  1274 | D:1      | Reached skill level 1 in Bows
  1274 | D:1      | Reached skill level 1 in Crossbows
  1274 | D:1      | Reached skill level 1 in Throwing
  1274 | D:1      | Reached skill level 1 in Armour
  1274 | D:1      | Reached skill level 1 in Shields
  1274 | D:1      | Reached skill level 1 in Unarmed Combat
  1274 | D:1      | Reached skill level 1 in Spellcasting
  1274 | D:1      | Reached skill level 1 in Evocations
  1439 | D:1      | Reached XP level 4. HP: 41/41 MP: 5/5
  2371 | D:2      | Found a faded altar of an unknown god.
  2393 | D:2      | Reached skill level 1 in Conjurations
  2393 | D:2      | Reached skill level 1 in Hexes
  2393 | D:2      | Reached skill level 1 in Summonings
  2393 | D:2      | Reached skill level 1 in Necromancy
  2393 | D:2      | Reached skill level 1 in Translocations
  2393 | D:2      | Reached skill level 1 in Transmutations
  2393 | D:2      | Reached skill level 1 in Fire Magic
  2393 | D:2      | Reached skill level 1 in Ice Magic
  2393 | D:2      | Reached skill level 1 in Air Magic
  2393 | D:2      | Reached skill level 1 in Earth Magic
  2393 | D:2      | Reached skill level 1 in Poison Magic
  3021 | D:4      | Killed a kobold brigand
  3022 | D:4      | Reached XP level 5. HP: 16/47 MP: 5/7
  3301 | D:4      | Found a staircase to the Ecumenical Temple.
  3338 | Temple   | Entered the Ecumenical Temple
  3515 | Temple   | Became a worshipper of Uskayaw the Reveller
  3584 | D:4      | Reached * piety under Uskayaw
  3588 | D:4      | Noticed Ijyb
  3596 | D:4      | Killed Ijyb
  3596 | D:4      | Reached ** piety under Uskayaw
  3597 | D:4      | Reached XP level 6. HP: 43/53 MP: 8/8
  3599 | D:4      | Reached *** piety under Uskayaw
  3601 | D:4      | Reached skill level 5 in Short Blades
  3601 | D:4      | Reached skill level 5 in Dodging
  3945 | D:4      | Noticed Pikel
  3962 | D:4      | Reached **** piety under Uskayaw
  3963 | D:4      | Killed Pikel
  3964 | D:4      | Reached skill level 10 in Stealth
  3964 | D:4      | Reached XP level 7. HP: 42/60 MP: 9/11
  4467 | D:5      | Noticed Menkaure
  4470 | D:5      | Killed Menkaure
  4471 | D:5      | Reached XP level 8. HP: 43/67 MP: 12/12
  4710 | D:5      | Noticed a mana viper
  4710 | D:5      | a two-headed ogre changed into a mana viper
  4710 | D:5      | HP: 3/67 [mana viper (11)]
  4729 | D:5      | HP: 1/67 [iguana (9)]
  5062 | D:5      | Noticed a two-headed ogre
  5067 | D:5      | Killed a two-headed ogre
  5068 | D:5      | Reached XP level 9. HP: 20/73 MP: 12/14
  5071 | D:5      | Learned a level 2 spell: Poisonous Vapours
  5309 | D:5      | Paralysed by a hornet for 1 turns
  5314 | D:5      | Killed a hornet
  5711 | D:5      | Killed a mana viper
  5983 | D:6      | Found a sacrificial altar of Ru.
  6247 | D:6      | Reached skill level 5 in Invocations
  6276 | D:6      | Killed a troll
  6479 | D:6      | Identified the +5 trident "Jakh" {vorpal, MP+9}
  6747 | D:7      | Reached XP level 10. HP: 72/80 MP: 17/17
  6855 | D:7      | Found a large runed translucent door.
  6856 | D:7      | Found a large runed translucent door.
  7075 | D:7      | Noticed Prince Ribbit
  7082 | D:7      | Killed Prince Ribbit
  7180 | D:7      | Found a white marble altar of Elyvilon.
  7413 | D:7      | Found a burning altar of Makhleb.
  7426 | D:7      | Found a bloodstained altar of Trog.
  7434 | D:7      | Reached skill level 5 in Long Blades
  7434 | D:7      | Reached skill level 5 in Axes
  7434 | D:7      | Reached skill level 5 in Maces & Flails
  7434 | D:7      | Reached skill level 5 in Polearms
  7434 | D:7      | Reached skill level 5 in Staves
  7434 | D:7      | Reached skill level 5 in Slings
  7434 | D:7      | Reached skill level 5 in Bows
  7434 | D:7      | Reached skill level 5 in Crossbows
  7434 | D:7      | Reached skill level 5 in Throwing
  7434 | D:7      | Reached skill level 5 in Armour
  7434 | D:7      | Reached skill level 5 in Shields
  7434 | D:7      | Reached skill level 5 in Unarmed Combat
  7434 | D:7      | Reached skill level 5 in Spellcasting
  7434 | D:7      | Reached skill level 5 in Evocations
  7493 | D:8      | Found a flagged portal.
  7498 | D:8      | Found Ycrarhogeff's Armour Shop.
  7505 | Bailey   | Entered a bailey
  8336 | Bailey   | Noticed a gargoyle
  8352 | Bailey   | Killed a gargoyle
  8418 | Bailey   | HP: 2/82 [something (7)]
  8419 | Bailey   | Slain by a vampire

Illustrated notes

Levels and vault maps discovered:
D:1:      amcnicky_arrival_blooded_trapdoor, layout_loops_ring,
          nicolae_figureground_pulse
D:2:      layout_rooms, shapermc_ecumenical_altar_ellora, wad_floor_pattern_1,
          corexii_shack, minmay_misc_feat_four_crosses
D:3:      layout_loops_ring, grunt_ministairs_11, nicolae_elevator_lobby_plus
D:4:      layout_basic, minmay_temple_entry_slanted, lemuel_old_faithful,
          uniq_pikel, uniq_ijyb
D:5:      layout_basic, minmay_misc_feat_chi, uniq_menkaure
D:6:      layout_basic, nicolae_ru_great_annihilating_truth
D:7:      layout_cave_pools, jmf_multi_god_temple2,
          nicolae_overflow_crystal_walls, uniq_prince_ribbit1
D:8:      layout_loops_corners, nicolae_ashenzari_skybound,
          lemuel_coloured_pillars_altar, serial_shops,
          nicolae_shop_window_shopping, shop_fountains, enter_bailey_2
Temple:   eino_temple_scatter_basement
Bailey:   bailey_polearm_vampire_castle_hellmonk, bailey

Skill      XL: |  1  2  3  4  5  6  7  8  9 10 |
---------------+-------------------------------+-----
Stealth        | 10 | 10.9
Invocations    | 1 2 3 4 5 |  5.7
Long Blades    | 1 2 3 4 5 |  5.2
Axes           | 1 2 3 4 5 |  5.2
Maces & Flails | 1 2 3 4 5 |  5.2
Polearms       | 1 2 3 4 5 |  5.2
Staves         | 1 2 3 4 5 |  5.2
Slings         | 1 2 3 4 5 |  5.2
Bows           | 1 2 3 4 5 |  5.2
Crossbows      | 1 2 3 4 5 |  5.2
Throwing       | 1 2 3 4 5 |  5.2
Armour         | 1 2 3 4 5 |  5.2
Shields        | 1 2 3 4 5 |  5.2
Unarmed Combat | 1 2 3 4 5 |  5.2
Spellcasting   | 1 2 3 4 5 |  5.2
Evocations     | 1 2 3 4 5 |  5.2
Conjurations   | 1 2 3 4 |  4.3
Hexes          | 1 2 3 4 |  4.3
Summonings     | 1 2 3 4 |  4.3
Necromancy     | 1 2 3 4 |  4.3
Translocations | 1 2 3 4 |  4.3
Transmutations | 1 2 3 4 |  4.3
Fire Magic     | 1 2 3 4 |  4.3
Ice Magic      | 1 2 3 4 |  4.3
Air Magic      | 1 2 3 4 |  4.3
Earth Magic    | 1 2 3 4 |  4.3
Poison Magic   | 1 2 3 4 |  4.3
Short Blades   | 5 6 7 |  7.0
Dodging        | 5 6 7 |  7.0
Fighting       | 7 8 |  8.5

Action                   |  1- 3 |  4- 6 |  7- 9 | 10-12 || total
-------------------------+-------+-------+-------+-------++-------
Melee: Short sword       |    10 |       |       |       ||    10
       Flail             |    37 |    80 |   115 |   140 ||   372
       Bite              |     4 |     8 |    17 |    14 ||    43
       Punch             |     1 |     2 |     2 |     5 ||    10
Throw: Dart              |       |       |     9 |       ||     9
 Cast: Poisonous Vapours |       |       |     2 |       ||     2
Invok: Stomp             |       |       |       |     2 ||     2
Evoke: Wand              |       |       |     5 |     1 ||     6
  Use: Scroll            |     1 |       |     1 |     8 ||    10
       Potion            |       |       |     2 |     3 ||     5
 Stab: Sleeping          |    14 |    17 |    13 |     8 ||    52
       Paralysed         |       |     2 |     4 |     5 ||    11
       Distracted        |       |       |     1 |       ||     1
Armor: Leather armour    |     2 |    18 |    17 |    32 ||    69
Dodge: Dodged            |    24 |    57 |    97 |   215 ||   393

Table legend: (Time is in decaauts)
 A = Elapsed time spent in this place.
 B = Non-inter-level travel time spent in this place.
 C = Inter-level travel time spent in this place.
 D = Time resting spent in this place.
 E = Time spent auto-exploring this place.
 F = Levels seen in this place.
 G = Mean time per level.
                   A        B        C        D        E       F      G
               +--------+--------+--------+--------+--------+-----+--------+
         Total |   8507 |   8244 |    263 |   1075 |   5473 |  10 |  850.7 |
       Dungeon |   7382 |   7154 |    228 |    810 |   4858 |   8 |  922.8 |
        Temple |    194 |    159 |     35 |      0 |    142 |   1 |  194.0 |
        Bailey |    930 |    930 |      0 |    265 |    473 |   1 |  930.0 |
               +--------+--------+--------+--------+--------+-----+--------+

Top non-repeatable levels by time:
     D:4: 1627 daAuts
     D:5: 1568 daAuts
     D:6: 1013 daAuts
  Bailey: 930 daAuts
     D:3: 850 daAuts
     D:1: 834 daAuts
     D:7: 759 daAuts
     D:2: 691 daAuts
  Temple: 194 daAuts
     D:8: 36 daAuts
